 Dungeon Crawl Stone Soup version 0.29.1 (webtiles) character file.

Game seed: 14309744976463689463

102 qw the Chopper (level 4, -2/28 HPs)
             Began as a Gargoyle Fighter on Sept 13, 2022.
             Slain by an orc
             ... wielding a +0 trident
              (5 damage)
             ... on level 3 of the Dungeon.
             The game lasted 00:01:04 (2597 turns).

qw the Chopper (Gargoyle Fighter)                   Turns: 2597, Time: 00:01:04

Health: -2/28      AC: 12    Str: 22    XL:     4   Next: 78%
Magic:  4/4        EV:  9    Int:  8    God:
Gold:   111        SH:  0    Dex:  9    Spells: 3/3 levels left

rFire   . . .      SeeInvis .   Y - +1 war axe
rCold   . . .      Faith    .   c - +0 buckler
rNeg    + . .      Spirit   .   b - +0 scale mail
rPois   inf        Reflect  .   f - +1 helmet
rElec   +          Harm     .   (no cloak)
rCorr   .          Rampage  .   (no gloves)
Will    .....                   (no boots)
Stlth   ..........              (no amulet)
HPRegen 0.09/turn               (no ring)
MPRegen 0.09/turn               (no ring)

@: confused
A: sickness immunity, AC +3, negative energy resistance 1, electricity
resistance, torment resistance 1, petrification resistance
a: no special abilities


You were on level 3 of the Dungeon.
You visited 1 branch of the dungeon, and saw 3 of its levels.

You collected 111 gold pieces.


Innate Abilities, Weirdness & Mutations

You are immune to sickness and miasma.
Your stone body is resilient. (AC +3)
You are immune to poison.
You resist negative energy. (rN+)
You are resistant to electric shocks. (rElec)
You are resistant to unholy torment.
You are immune to petrification.


   Skills:
 - Level 3.2 Fighting
 + Level 4.4 Axes
 - Level 3.2 Armour
 - Level 3.2 Shields


You had 3 spell levels left.
You didn't know any spells.
Your spell library was empty.

Inventory:

Hand Weapons
 i - a +0 flail
 Y - a +1 war axe (weapon)
Armour
 b - a +0 scale mail (worn)
 c - a +0 buckler (worn)
 f - a +1 helmet (worn)
Scrolls
 k - a scroll of identify
Potions
 d - 2 potions of might
 e - a potion of resistance {unknown}
 g - a potion of heal wounds {unknown}
 h - a potion of curing {unknown}
 l - a potion of attraction {unknown}

Dungeon Overview and Level Annotations

Branches:
Dungeon (3/15)

Altars:
Okawaru


Message History

The orc hits you with a +0 hand axe. x2
You barely miss the orc.
The orc is moderately wounded.
You block the orc's attack.
You closely miss the orc.
The orc is moderately wounded.
The orc hits you but does no damage.
You slash the orc!
You kill the orc!
The orc wizard gestures at you while chanting.
You resist with some effort.
You hit the orc wizard but do no damage.
The orc wizard hits you with a +0 dagger.
You block the orc's attack.
You closely miss the orc wizard.
The orc wizard mumbles some strange words.
The orc wizard flickers and vanishes!
Deactivating autopickup; reactivate with Ctrl-A.
The orc hits you from afar with a +0 trident.
You closely miss something. Something hits you.
The orc hits you from afar with a +0 trident.
Something hits you but does no damage.
An adder comes into view.
The orc hits you but does no damage.
You miss something.
The adder hisses angrily.
Something hits you. The orc misses you.
You closely miss something. Something hits you but does no damage.
You block the orc's attack.
You slash something! You block something's attack.
The orc hits you but does no damage. Something hits you.
The orc barely misses you.
You miss something. Something hits you but does no damage.
You block the orc's attack.
You closely miss something.
You hear some strange, mumbled words.
You are confused.
The orc hits you from afar with a +0 trident.
You die... .... #.. #b. #oS

#B# #o# # #{# ##
#@# ##. #.# ##.#
#%# ### ##.#. #.#
..# ##.#.#
#.#####.# ##.#.##
#.....#.# ##.#.##.
#####.#.###.#.##.#
#.#.##.#.##.#.
##.......##.#.#


You could see an adder, 2 orcs, a giant cockroach and a bat.

Vanquished Creatures
  4 adders
  A worm (D:3)
  A dart slug (D:3)
  An orc (D:3)
  A bat (D:3)
  4 endoplasms
  6 giant cockroaches
  3 goblins
  7 hobgoblins
  6 jackals (D:1)
  A quokka (D:3)
  4 ball pythons
  8 frilled lizards
  4 kobolds
  9 rats
60 creatures vanquished.

Notes
Turn   | Place    | Note
-------+----------+-------------------------------------------
     0 | D:1      | qw the Gargoyle Fighter began the quest for the Orb.
     0 | D:1      | Reached XP level 1. HP: 14/14 MP: 1/1
     0 | D:1      | 0 ||| qw: Version: 0.1-a-119-g272c26d
     0 | D:1      | 0 ||| qw: Game counter: 11204
     0 | D:1      | 0 ||| qw: Always use a shield: true
     0 | D:1      | 0 ||| qw: God list: Okawaru
     0 | D:1      | 0 ||| qw: Allow faded altars: false
     0 | D:1      | 0 ||| qw: Do Orc after D:15 true
     0 | D:1      | 0 ||| qw: Do second Lair branch before Depths: true
     0 | D:1      | 0 ||| qw: Lair rune preference: random
     0 | D:1      | 0 ||| qw: Plans: Normal, Zot, God:TSO, Crypt, Tomb, Pan,
                  | Slime, Hells, Zig, Abyss, Orb
     0 | D:1      | 0 ||| PLANNING D:1-11
    72 | D:1      | Reached skill level 2 in Axes
   126 | D:1      | Reached XP level 2. HP: 13/19 MP: 2/2
   127 | D:1      | 127 ||| Stepping ~*~*~tactically~*~*~ (stealth).
   128 | D:1      | 128 ||| Stepping ~*~*~tactically~*~*~ (stealth).
   158 | D:1      | 158 ||| Stepping ~*~*~tactically~*~*~ (stealth).
   181 | D:1      | 181 ||| Stepping ~*~*~tactically~*~*~ (stealth).
   213 | D:1      | 213 ||| Stepping ~*~*~tactically~*~*~ (stealth).
   218 | D:1      | 218 ||| Stepping ~*~*~tactically~*~*~ (stealth).
   294 | D:1      | Found a faded altar of an unknown god.
   470 | D:1      | 470 ||| Stepping ~*~*~tactically~*~*~ (stealth).
   644 | D:1      | 644 ||| Stepping ~*~*~tactically~*~*~ (stealth).
   648 | D:1      | 648 ||| Stepping ~*~*~tactically~*~*~ (stealth).
   650 | D:1      | 650 ||| Stepping ~*~*~tactically~*~*~ (stealth).
   693 | D:1      | Reached skill level 3 in Axes
   731 | D:1      | 731 ||| Stepping ~*~*~tactically~*~*~ (stealth).
   733 | D:1      | 733 ||| Stepping ~*~*~tactically~*~*~ (stealth).
   829 | D:1      | 829 ||| Stepping ~*~*~tactically~*~*~ (stealth).
   837 | D:1      | 837 ||| Stepping ~*~*~tactically~*~*~ (stealth).
   872 | D:1      | Reached XP level 3. HP: 20/23 MP: 3/3
  1132 | D:1      | 1132 ||| READING scroll labelled IGRAUTHIGGI.
  1133 | D:1      | 1133 ||| READING scroll labelled HAYSACR OHOCOO.
  1151 | D:2      | 1151 ||| STAIRDANCE
  1165 | D:2      | 1165 ||| DROPPING +0 club.
  1249 | D:2      | 1249 ||| Stepping ~*~*~tactically~*~*~ (stealth).
  1251 | D:2      | 1251 ||| Stepping ~*~*~tactically~*~*~ (stealth).
  1265 | D:2      | 1265 ||| Stepping ~*~*~tactically~*~*~ (stealth).
  1310 | D:2      | 1310 ||| Stepping ~*~*~tactically~*~*~ (stealth).
  1311 | D:2      | 1311 ||| Stepping ~*~*~tactically~*~*~ (stealth).
  1863 | D:2      | 1863 ||| Stepping ~*~*~tactically~*~*~ (stealth).
  1864 | D:2      | 1864 ||| Stepping ~*~*~tactically~*~*~ (stealth).
  1865 | D:2      | 1865 ||| Stepping ~*~*~tactically~*~*~ (stealth).
  1881 | D:2      | Reached XP level 4. HP: 26/28 MP: 4/4
  2013 | D:2      | 2013 ||| UPGRADING to +1 helmet.
  2018 | D:2      | 2018 ||| READING scroll labelled VEMOAQOZEICS.
  2019 | D:2      | 2019 ||| READING scroll labelled ISIREU YPLISH.
  2020 | D:2      | 2020 ||| READING scroll labelled ZIWAEKIKKUQ.
  2071 | D:3      | 2071 ||| Stepping ~*~*~tactically~*~*~ (hiding).
  2177 | D:3      | Found an iron altar of Okawaru.
  2301 | D:3      | Reached skill level 4 in Axes
  2382 | D:3      | 2382 ||| DROPPING +0 whip.
  2481 | D:3      | 2481 ||| Stepping ~*~*~tactically~*~*~ (stealth).
  2482 | D:3      | 2482 ||| Stepping ~*~*~tactically~*~*~ (stealth).
  2593 | D:3      | HP: 7/28 [something (1)]
  2595 | D:3      | HP: 3/28 [something (4)]
  2597 | D:3      | Slain by an orc

Levels and vault maps discovered:
D:1:      zelgadis_glass_arrival_small, layout_basic, serial_forest,
          infiniplex_forest_lined_room_2, infiniplex_forest_corner_2,
          infiniplex_forest_lined_3_way, infiniplex_forest_diagonal,
          infiniplex_forest_clump_C, infiniplex_forest_join,
          infiniplex_forest_straight_5, hellmonk_ecumenical_altar_blasted,
          chequers_serial_rivers_micro_a, chequers_serial_rivers_small_a,
          minmay_distorted
D:2:      layout_basic
D:3:      minmay_inner_zag, layout_loops_ring, old_standard_altar

Skill      XL: |  1  2  3  4 |
---------------+-------------+-----
Axes           | 2 3 4 |  4.4
Fighting       | |  3.2
Armour         | |  3.2
Shields        | |  3.2

Action                   |  1- 3 |  4- 6 || total
-------------------------+-------+-------++-------
Melee: War axe           |   152 |    78 ||   230
  Use: Scroll            |     2 |     3 ||     5
Armor: Scale mail        |    77 |    47 ||   124
Dodge: Dodged            |    77 |    38 ||   115
Block: Buckler           |    26 |    15 ||    41

Table legend:
 A = Non-vault XP
 B = Vault XP
 C = Vault XP percentage of total XP
 D = Non-vault monster count
 E = Vault monster count
 F = Vault count percentage of total count
                 A         B        C        D         E       F
            +---------+---------+-------+---------+---------+-------
      Total |     125 |      22 |  15.0 |      52 |       8 |  13.3
            +---------+---------+-------+---------+---------+-------
        D:1 |      37 |       2 |   5.1 |      23 |       2 |   8.0
        D:2 |      46 |       0 |   0.0 |      15 |       0 |   0.0
        D:3 |      42 |      20 |  32.3 |      14 |       6 |  30.0
            +---------+---------+-------+---------+---------+-------
